 Dungeon Crawl Stone Soup version 0.28.0-53-g5a82cb258f (webtiles) character file.

Game seed: 15907118940184919456

95 pkoi the Charlatan (level 4, -4/34 HPs)
             Began as a Demigod Artificer on May 24, 2022.
             Slain by Grinder (5 damage)
             ... while paralysed by Grinder
             ... on level 3 of the Dungeon.
             The game lasted 00:03:30 (3733 turns).

pkoi the Charlatan (Demigod Artificer)              Turns: 3733, Time: 00:03:30

Health: -4/34      AC:  4    Str: 13    XL:     4   Next: 17%
Magic:  6/6        EV:  2    Int: 17    God:
Gold:   182        SH:  0    Dex: 14    Spells: 3/3 levels left

rFire   . . .      SeeInvis .   f - +0 spear
rCold   . . .      Faith    .   (no shield)
rNeg    . . .      Spirit   .   b - +0 leather armour
rPois   .          Reflect  .   (no helmet)
rElec   .          Harm     .   (no cloak)
rCorr   .          Rampage  .   (no gloves)
Will    .....                   k - +0 pair of boots
Stlth   +.........              (no amulet)
HPRegen 0.11/turn               (no ring)
MPRegen 0.10/turn               (no ring)

@: paralysed
A: high MP 1, forlorn, divine attributes
a: no special abilities


You were on level 3 of the Dungeon.
You visited 1 branch of the dungeon, and saw 3 of its levels.

You collected 182 gold pieces.

Inventory:

Hand Weapons
 a - a +0 club
 f - a +0 spear (weapon)
Missiles
 h - 9 boomerangs
Armour
 b - a +0 leather armour (worn)
 k - a +0 pair of boots (worn)
Wands
 c - a wand of flame (34) (quivered)
 d - a wand of charming (15)
Scrolls
 g - 5 scrolls of identify {unknown}
 l - 3 scrolls of amnesia {unknown}
Potions
 i - 2 potions of curing {unknown}
 j - a potion of degeneration {unknown}
Miscellaneous
 e - a piece from Xom's chessboard (11/15)


   Skills:
 - Level 0.8 Fighting
 - Level 1.7 Armour
 - Level 0.8 Dodging
 - Level 0.8 Stealth
 + Level 4.8 Evocations


You had 3 spell levels left.
You didn't know any spells.
Your spell library was empty.

Dungeon Overview and Level Annotations

Branches:
Dungeon (3/15)

Shops:
D:2 :

Annotations:
D:3 Grinder


Innate Abilities, Weirdness & Mutations

You have an increased reservoir of magic. (+10% MP)
You shall have no god before yourself.
Your divine heritage dramatically boosts your attributes as you level up.


Message History

Grinder is nearby!
You make a move on Xom's chessboard...
Grinder resists with significant effort.
Grinder gestures at you.
You barely resist.
You make a move on Xom's chessboard...
Grinder seems to speed up.
Unknown command.
You make a move on Xom's chessboard...
Grinder flickers and vanishes!
Deactivating autopickup; reactivate with Ctrl-A.
Something tries to affect you, but you resist.
Unknown command.
Something hits you.
Something tries to affect you, but you resist.
Something hits you.
* * * LOW HITPOINT WARNING * * *
You writhe in agony.
* * * LOW HITPOINT WARNING * * *
Pain shoots through your body!
* * * LOW HITPOINT WARNING * * *
You can't see anything.
Try to make a move anyway?
Okay, then.
You can't see anything.
Try to make a move anyway?
You make a move on Xom's chessboard...
Nothing appears to happen.
Something hits you but does no damage.
Unknown command.
There is an escape hatch in the ceiling here.
You suddenly lose the ability to move!
Something hits you but does no damage. Something hits you.
* * * LOW HITPOINT WARNING * * *
You writhe in agony.
* * * LOW HITPOINT WARNING * * *
Something hits you but does no damage. Something hits you.
* * * LOW HITPOINT WARNING * * *
Something hits you.
* * * LOW HITPOINT WARNING * * *
You writhe in agony.
* * * LOW HITPOINT WARNING * * *
Something hits you.
You die...

.)<...#............##.........#
....#.####.........##.........#
....................###....##.#
.####.#.............# #.......#
......#.............# #.......#
#######.............###.......#
.... .[..........##........##.#
....##.#.........##.{....### .#
....##.#........@##......#
....+..#....#######......+
....####.................#
....#..'.................#
......##...................
......##...................
......##..........
...<..####'#......
......####.#......


There were no monsters in sight!

Vanquished Creatures
  An orc priest (D:3)
  2 adders (D:2)
  A worm (D:2)
  2 dart slugs (D:2)
  2 orcs (D:2)
  4 ball pythons
  3 endoplasms
  3 giant cockroaches (D:1)
  A hobgoblin (D:1)
  3 quokkas
  4 bats
  4 frilled lizards
  A goblin (D:1)
  3 kobolds
  4 rats
38 creatures vanquished.

Notes
Turn   | Place    | Note
-------+----------+-------------------------------------------
     0 | D:1      | pkoi the Demigod Artificer began the quest for the Orb.
     0 | D:1      | Reached XP level 1. HP: 15/15 MP: 3/3
   259 | D:1      | Reached skill level 3 in Evocations
   411 | D:1      | Reached XP level 2. HP: 17/22 MP: 4/4
  1591 | D:2      | Reached skill level 4 in Evocations
  1591 | D:2      | Reached XP level 3. HP: 7/27 MP: 5/5
  2466 | D:2      | Found Doisokk's Book Emporium.
  3413 | D:3      | Reached XP level 4. HP: 16/34 MP: 6/6
  3706 | D:3      | Noticed Grinder
  3728 | D:3      | Paralysed by something for 6 turns
  3732 | D:3      | HP: 1/34 [something (5)]
  3733 | D:3      | Slain by Grinder

Illustrated notes

Levels and vault maps discovered:
D:1:      onia_arrival_pentagram, layout_basic, ebering_ecumenical_altar_webs,
          chequers_serial_rivers_micro_d, minmay_crystal_water
D:2:      layout_loops_ring, basic_altar, serial_shops, shop
D:3:      layout_basic, uniq_jessica, uniq_grinder

Skill      XL: |  1  2 |
---------------+-------+-----
Evocations     | 3 4 |  4.8
Fighting       | |  0.8
Armour         | |  1.7
Dodging        | |  0.8
Stealth        | |  0.8

Action                   |  1- 3 |  4- 6 || total
-------------------------+-------+-------++-------
Melee: Spear             |   148 |     3 ||   151
       Punch             |     3 |       ||     3
Evoke: Wand              |     4 |       ||     4
       Piece from Xom's  |       |     4 ||     4
 Stab: Sleeping          |     7 |       ||     7
       Distracted        |     1 |       ||     1
Armor: Leather armour    |    40 |     4 ||    44
Dodge: Dodged            |    69 |     1 ||    70
